TOP OF THE 1ST |
Great Falls Voyagers batting - Pitching for Boston (APP) Red Sox : RHP Matt Collins
|
Pitching: RHP Matt Collins
|
|
Batting: RHB Andy Cotton
|
0-0: Ball 1-0: Swinging Strike 1-1: Ball 2-1: Foul Ball, location: 2F 2-2: Foul Ball, location: 2F 2-2: Strikes out swinging
|
Batting: RHB Dave Dominguez
|
0-0: Ball 1-0: Foul Ball, location: 2F 1-1: Ball 2-1: Called Strike 2-2: SINGLE (Groundball, 4MD, EV 101.2 MPH)
|
Batting: RHB Russ Cornett
|
0-0: Grounds into double play, 5-4-3 (Groundball, 5, EV 84.4 MPH)
|
Top of the 1st over - 0 runs, 1 hit, 0 errors, 0 left on base; Great Falls 0 - Boston (APP) 0 |
BOTTOM OF THE 1ST |
Boston (APP) Red Sox batting - Pitching for Great Falls Voyagers : RHP Dusty Haberstroh
|
Pitching: RHP Dusty Haberstroh
|
|
Batting: RHB Kirk Cully
|
0-0: Called Strike 0-1: Ground out 5-3 (Groundball, 56S, EV 71.9 MPH)
|
Batting: RHB Chris Zubia
|
0-0: Ball 1-0: Ball 2-0: Swinging Strike 2-1: Ball 3-1: SOLO HOME RUN (Line Drive, 9LD, EV 99.4 MPH), Distance : 365 ft
|
Batting: RHB Felix Rangel
|
0-0: Ball 1-0: Fly out, F8 (Line Drive, 8RD, EV 90.6 MPH)
|
Batting: RHB Bob Reichley
|
0-0: Called Strike 0-1: Ground out 4-3 (Groundball, 34, EV 89.4 MPH)
|
Bottom of the 1st over - 1 run, 1 hit, 0 errors, 0 left on base; Great Falls 0 - Boston (APP) 1 |
TOP OF THE 2ND |
Great Falls Voyagers batting - Pitching for Boston (APP) Red Sox : RHP Matt Collins
|
Batting: RHB Brad Adams Jr.
|
0-0: Swinging Strike 0-1: Ball 1-1: Ball 2-1: Ball 3-1: Called Strike 3-2: Fly out, F7 (Line Drive, 78S, EV 96.9 MPH)
|
Batting: RHB Mitch Cuadros
|
0-0: Ball 1-0: Ground out 4-3 (Groundball, 4, EV 80.6 MPH)
|
Batting: RHB Billy Grubbs
|
0-0: Ball 1-0: Foul Ball, location: 2F 1-1: Foul Ball, location: 2F 1-2: Ball 2-2: Foul Ball, location: 2F 2-2: Ball 3-2: SINGLE (Groundball, 34D, EV 110.0 MPH)
|
Batting: RHB Francisco Marin
|
0-0: Ball Billy Grubbs steals 2nd, throwing error, E2 Billy Grubbs to third 1-0: Ball 2-0: Ball 3-0: Base on Balls
|
Batting: RHB Joselito Santos
|
0-0: Ball 1-0: Called Strike 1-1: Swinging Strike 1-2: Ball 2-2: Ball 3-2: SINGLE (Groundball, 56D, EV 100.0 MPH) Billy Grubbs scores Francisco Marin to second Francisco Marin to third
|
Batting: RHB David Cortez
|
0-0: Ball 1-0: Ball 2-0: Ball 3-0: Base on Balls Joselito Santos to second
|
Batting: RHB Andy Cotton
|
0-0: Foul Ball, location: 2F 0-1: Ball 1-1: Foul Ball, location: 2F 1-2: Ball 2-2: Ground out 5-3 (Groundball, 56S, EV 70.6 MPH)
|
Top of the 2nd over - 1 run, 2 hits, 1 error, 3 left on base; Great Falls 1 - Boston (APP) 1 |
BOTTOM OF THE 2ND |
Boston (APP) Red Sox batting - Pitching for Great Falls Voyagers : RHP Dusty Haberstroh
|
Batting: RHB Eric Kent
|
0-0: Swinging Strike 0-1: SINGLE (Groundball, 4MD, EV 98.1 MPH)
|
Batting: RHB Ryan Davis
|
0-0: Ball 1-0: Swinging Strike 1-1: Fly out, F7 (Line Drive, 78M, EV 86.2 MPH)
|
Batting: RHB Mo Tsang
|
0-0: Ball 1-0: Ball 2-0: SINGLE (Flyball, 6MD, EV 83.1 MPH) Eric Kent to second
|
Batting: RHB Estevan Carrillo
|
0-0: Ball 1-0: Fly out, F8 (Line Drive, 8RD, EV 86.2 MPH)
|
Batting: LHB Kenny Jackson
|
0-0: Ball 1-0: SINGLE (Line Drive, 8LS, EV 91.2 MPH) Eric Kent to third Mo Tsang to second Runner from 3rd tries for Home, SAFE, throw by CF to home
|
Batting: RHB Kirk Cully
|
0-0: Ball 1-0: Ball 2-0: Called Strike 2-1: Foul Ball, location: 2F 2-2: DOUBLE (Flyball, 78D, EV 96.9 MPH) Mo Tsang scores Kenny Jackson to third
|
Batting: RHB Chris Zubia
|
0-0: Called Strike 0-1: Called Strike 0-2: Foul Ball, location: 2F 0-2: Foul Ball, location: 2F 0-2: Strikes out swinging
|
Bottom of the 2nd over - 2 runs, 4 hits, 0 errors, 2 left on base; Great Falls 1 - Boston (APP) 3 |
TOP OF THE 3RD |
Great Falls Voyagers batting - Pitching for Boston (APP) Red Sox : RHP Matt Collins
|
Batting: RHB Dave Dominguez
|
0-0: Fly out, F7 (Flyball, 78S, EV 85.6 MPH)
|
Batting: RHB Russ Cornett
|
0-0: Foul Ball, location: 2F 0-1: Swinging Strike 0-2: Foul Ball, location: 2F 0-2: Ball 1-2: Strikes out swinging
|
Batting: RHB Brad Adams Jr.
|
0-0: Ball 1-0: Foul Ball, location: 2F 1-1: Called Strike 1-2: SINGLE (Groundball, 56D, EV 107.5 MPH) (infield hit)
|
Batting: RHB Mitch Cuadros
|
0-0: Called Strike 0-1: Swinging Strike 0-2: Foul Ball, location: 2F 0-2: Ball 1-2: Ball 2-2: Foul Ball, location: 2F 2-2: Foul Ball, location: 2F 2-2: Foul Ball, location: 2F 2-2: Strikes out swinging
|
Top of the 3rd over - 0 runs, 1 hit, 0 errors, 1 left on base; Great Falls 1 - Boston (APP) 3 |
BOTTOM OF THE 3RD |
Boston (APP) Red Sox batting - Pitching for Great Falls Voyagers : RHP Dusty Haberstroh
|
Batting: RHB Felix Rangel
|
0-0: Fly out, F8 (Line Drive, 8RD, EV 88.8 MPH)
|
DELAY
|
Rain delay of 33 minutes in the 3rd inning.
|
Batting: RHB Bob Reichley
|
0-0: Ball 1-0: SOLO HOME RUN (Flyball, 7LD, EV 89.4 MPH), Distance : 342 ft
|
Batting: RHB Eric Kent
|
0-0: Ball 1-0: Called Strike 1-1: Ball 2-1: Foul Ball, location: 2F 2-2: Strikes out looking
|
Batting: RHB Ryan Davis
|
0-0: Ball 1-0: Foul Ball, location: 2F 1-1: Called Strike 1-2: Foul Ball, location: 2F 1-2: Foul Ball, location: 2F 1-2: Foul Ball, location: 2F 1-2: Ball 2-2: Ball 3-2: Foul Ball, location: 2F 3-2: Base on Balls
|
Batting: RHB Mo Tsang
|
0-0: Fly out, F5 (Popup, 5SF, EV 68.1 MPH)
|
Bottom of the 3rd over - 1 run, 1 hit, 0 errors, 1 left on base; Great Falls 1 - Boston (APP) 4 |
TOP OF THE 4TH |
Great Falls Voyagers batting - Pitching for Boston (APP) Red Sox : RHP Matt Collins
|
Batting: RHB Billy Grubbs
|
0-0: Ball 1-0: Foul Ball, location: 2F 1-1: Called Strike 1-2: Foul Ball, location: 2F 1-2: Ball 2-2: Ball 3-2: Foul Ball, location: 2F 3-2: Foul Ball, location: 2F 3-2: Strikes out swinging
|
Batting: RHB Francisco Marin
|
0-0: Called Strike 0-1: Ball 1-1: Ball 2-1: Ball 3-1: Base on Balls
|
Batting: RHB Joselito Santos
|
0-0: Ball 1-0: Swinging Strike 1-1: Foul Ball, location: 2F 1-2: Ground out 4-3 (Groundball, 34S, EV 89.4 MPH) Francisco Marin to second
|
Pitching: RHP Du Kong
|
|
Batting: RHB David Cortez
|
0-0: Ball 1-0: Ball 2-0: SINGLE (Groundball, 6MD, EV 99.4 MPH) Francisco Marin to third Runner from 3rd tries for Home, SAFE, throw by CF to home
|
Batting: RHB Andy Cotton
|
0-0: Called Strike 0-1: Ground out 4-3 (Groundball, 4, EV 80.6 MPH)
|
Top of the 4th over - 1 run, 1 hit, 0 errors, 1 left on base; Great Falls 2 - Boston (APP) 4 |
BOTTOM OF THE 4TH |
Boston (APP) Red Sox batting - Pitching for Great Falls Voyagers : RHP Dusty Haberstroh
|
Batting: RHB Estevan Carrillo
|
0-0: Ball 1-0: Ball 2-0: Ball 3-0: Base on Balls
|
Batting: LHB Kenny Jackson
|
0-0: Foul Ball, location: 2F 0-1: Ball 1-1: Ball 2-1: Called Strike Estevan Carrillo steals 2nd, throwing error, E2 Estevan Carrillo to third 2-2: Strikes out swinging
|
Batting: RHB Kirk Cully
|
0-0: DOUBLE (Flyball, 78D, EV 110.0 MPH) Estevan Carrillo scores
|
Pitching: RHP Max Carter
|
|
Batting: RHB Chris Zubia
|
0-0: DOUBLE (Groundball, 5L, EV 108.1 MPH) Kirk Cully scores
|
Batting: RHB Felix Rangel
|
0-0: Called Strike 0-1: Ball 1-1: Ball 2-1: DOUBLE (Flyball, 8LXD, EV 105.6 MPH) Chris Zubia scores
|
Batting: RHB Bob Reichley
|
0-0: Called Strike 0-1: Ball Felix Rangel is caught stealing 3rd base 2-5 1-1: Ground out 5-3 (Groundball, 56S, EV 86.9 MPH)
|
Bottom of the 4th over - 3 runs, 3 hits, 1 error, 0 left on base; Great Falls 2 - Boston (APP) 7 |
TOP OF THE 5TH |
Great Falls Voyagers batting - Pitching for Boston (APP) Red Sox : RHP Du Kong
|
Batting: RHB Dave Dominguez
|
0-0: Foul Ball, location: 2F 0-1: Fly out, F4 (Line Drive, 34, EV 68.1 MPH)
|
Batting: RHB Russ Cornett
|
0-0: Foul Ball, location: 2F 0-1: Called Strike 0-2: Ground out 6-3 (Groundball, 56, EV 81.9 MPH)
|
Batting: RHB Brad Adams Jr.
|
0-0: Ball 1-0: Swinging Strike 1-1: Foul Ball, location: 2F 1-2: Ball 2-2: Ball 3-2: Ground out 3-1 (Groundball, 34, EV 91.2 MPH)
|
Top of the 5th over - 0 runs, 0 hits, 0 errors, 0 left on base; Great Falls 2 - Boston (APP) 7 |
BOTTOM OF THE 5TH |
Boston (APP) Red Sox batting - Pitching for Great Falls Voyagers : RHP Max Carter
|
Batting: RHB Eric Kent
|
0-0: Ball 1-0: Ground out 3-1 (Groundball, 34S, EV 80.6 MPH)
|
Batting: RHB Ryan Davis
|
0-0: Ball 1-0: Ball 2-0: Ground out 5-3 (Groundball, 56S, EV 67.5 MPH)
|
Batting: RHB Mo Tsang
|
0-0: Called Strike 0-1: Ball 1-1: Ground out 4-3 (Groundball, 4, EV 101.9 MPH)
|
Bottom of the 5th over - 0 runs, 0 hits, 0 errors, 0 left on base; Great Falls 2 - Boston (APP) 7 |
TOP OF THE 6TH |
Great Falls Voyagers batting - Pitching for Boston (APP) Red Sox : RHP Du Kong
|
Batting: RHB Mitch Cuadros
|
0-0: Ball 1-0: Ball 2-0: Foul Ball, location: 2F 2-1: Ball 3-1: Called Strike 3-2: Ground out 5-3 (Groundball, 5, EV 102.5 MPH)
|
Batting: RHB Billy Grubbs
|
0-0: Ground out 3-1 (Groundball, 34S, EV 72.5 MPH)
|
Batting: RHB Francisco Marin
|
0-0: Ball 1-0: Foul Ball, location: 2F 1-1: Ground out 4-3 (Groundball, 4, EV 88.8 MPH)
|
Top of the 6th over - 0 runs, 0 hits, 0 errors, 0 left on base; Great Falls 2 - Boston (APP) 7 |
BOTTOM OF THE 6TH |
Boston (APP) Red Sox batting - Pitching for Great Falls Voyagers : RHP Max Carter
|
Batting: RHB Estevan Carrillo
|
0-0: Ball 1-0: Ball 2-0: Ground out 4-3 (Groundball, 4, EV 90.6 MPH)
|
Batting: LHB Kenny Jackson
|
0-0: Called Strike 0-1: Called Strike 0-2: Fly out, F9 (Line Drive, 9, EV 97.5 MPH)
|
Batting: RHB Kirk Cully
|
0-0: Ball 1-0: Called Strike 1-1: Fly out, F6 (Flyball, 6D, EV 93.8 MPH)
|
Bottom of the 6th over - 0 runs, 0 hits, 0 errors, 0 left on base; Great Falls 2 - Boston (APP) 7 |
TOP OF THE 7TH |
Great Falls Voyagers batting - Pitching for Boston (APP) Red Sox : RHP Du Kong
|
Batting: RHB Joselito Santos
|
0-0: Ball 1-0: Called Strike 1-1: Ground out 6-3 (Groundball, 6, EV 80.6 MPH)
|
Pinch Hitting: RHB Bill Stern
|
0-0: Swinging Strike 0-1: Called Strike 0-2: Ground out 4-3 (Groundball, 4, EV 86.9 MPH)
|
Batting: RHB Andy Cotton
|
0-0: Ball 1-0: Ball 2-0: Ground out U3 (Groundball, 3, EV 96.2 MPH)
|
Top of the 7th over - 0 runs, 0 hits, 0 errors, 0 left on base; Great Falls 2 - Boston (APP) 7 |
BOTTOM OF THE 7TH |
Boston (APP) Red Sox batting - Pitching for Great Falls Voyagers : RHP Max Carter
|
Now in LF: Jake Feinstein
|
|
Batting: RHB Chris Zubia
|
0-0: SINGLE (Groundball, 4M, EV 104.4 MPH)
|
Batting: RHB Felix Rangel
|
0-0: Ball 1-0: Ball 2-0: Foul Ball, location: 2F 2-1: Foul Ball, location: 2F 2-2: Strikes out looking
|
Batting: RHB Bob Reichley
|
0-0: Called Strike 0-1: Ball 1-1: DOUBLE (Line Drive, 78D, EV 106.2 MPH) Chris Zubia to third
|
Batting: RHB Eric Kent
|
0-0: Called Strike 0-1: Called Strike 0-2: Foul Ball, location: 2F 0-2: SINGLE (Groundball, 4M, EV 98.8 MPH) (infield hit) Chris Zubia scores Bob Reichley to third
|
Batting: RHB Ryan Davis
|
0-0: Fly out, F8 (Flyball, 8RM, EV 89.4 MPH)
|
Batting: RHB Mo Tsang
|
0-0: Called Strike 0-1: Ball 1-1: Called Strike 1-2: Hit by Pitch Eric Kent to second
|
Pitching: RHP Fred George
|
|
Batting: RHB Estevan Carrillo
|
0-0: Ground out 5-3 (Groundball, 56S, EV 79.4 MPH)
|
Bottom of the 7th over - 1 run, 3 hits, 0 errors, 3 left on base; Great Falls 2 - Boston (APP) 8 |
TOP OF THE 8TH |
Great Falls Voyagers batting - Pitching for Boston (APP) Red Sox : RHP Du Kong
|
Batting: RHB Dave Dominguez
|
0-0: Ball 1-0: Called Strike 1-1: Foul Ball, location: 2F 1-2: Foul Ball, location: 2F 1-2: Ball 2-2: Foul Ball, location: 2F 2-2: Fly out, F7 (Flyball, 78M, EV 86.2 MPH)
|
Pitching: RHP Cedric Tyler
|
|
Batting: RHB Russ Cornett
|
0-0: Called Strike 0-1: Ball 1-1: SINGLE (Groundball, 6MD, EV 100.6 MPH)
|
Batting: RHB Brad Adams Jr.
|
0-0: Ball 1-0: Ball 2-0: Foul Ball, location: 2F 2-1: 2-RUN HOME RUN (Line Drive, 7LD, EV 98.8 MPH), Distance : 353 ft
|
Batting: RHB Mitch Cuadros
|
0-0: Ball 1-0: Called Strike 1-1: Foul Ball, location: 2F 1-2: Ball 2-2: Strikes out swinging
|
Batting: RHB Billy Grubbs
|
0-0: Called Strike 0-1: Ball 1-1: Fly out, F8 (Line Drive, 8LM, EV 85.6 MPH)
|
Top of the 8th over - 2 runs, 2 hits, 0 errors, 0 left on base; Great Falls 4 - Boston (APP) 8 |
BOTTOM OF THE 8TH |
Boston (APP) Red Sox batting - Pitching for Great Falls Voyagers : RHP Fred George
|
Batting: LHB Kenny Jackson
|
0-0: Ground out 6-3 (Groundball, 6M, EV 90.0 MPH)
|
Batting: RHB Kirk Cully
|
0-0: Ball 1-0: Ball 2-0: Ball 3-0: Base on Balls
|
Batting: RHB Chris Zubia
|
0-0: Called Strike 0-1: Ball 1-1: Swinging Strike 1-2: Strikes out looking
|
Batting: RHB Felix Rangel
|
0-0: Called Strike 0-1: Ball 1-1: Fielders Choice at 2nd, 6-4 (Groundball, 6, EV 89.4 MPH)
|
Bottom of the 8th over - 0 runs, 0 hits, 0 errors, 1 left on base; Great Falls 4 - Boston (APP) 8 |
TOP OF THE 9TH |
Great Falls Voyagers batting - Pitching for Boston (APP) Red Sox : RHP Cedric Tyler
|
Pitching: RHP Dillon Ekwall
|
|
Batting: RHB Francisco Marin
|
0-0: Ball 1-0: Called Strike 1-1: Ball 2-1: Foul Ball, location: 2F 2-2: Reached on error, E4 (Groundball, 4, EV 91.2 MPH)
|
Batting: RHB Joselito Santos
|
0-0: Ball 1-0: Ball 2-0: Foul Ball, location: 2F 2-1: Called Strike 2-2: Ball 3-2: Base on Balls Francisco Marin to second
|
Batting: RHB Jake Feinstein
|
0-0: Called Strike 0-1: Ball 1-1: Ball 2-1: Foul Ball, location: 2F 2-2: Foul Ball, location: 2F 2-2: Ball 3-2: SINGLE (Groundball, 6M, EV 86.2 MPH) (infield hit) Francisco Marin to third Joselito Santos to second
|
Batting: RHB Andy Cotton
|
0-0: Ball 1-0: Grounds into double play, 5-4-3 (Groundball, 56, EV 77.5 MPH) Francisco Marin scores Joselito Santos to third
|
Batting: RHB Dave Dominguez
|
0-0: Fly out, F8 (Flyball, 8LM, EV 85.0 MPH)
|
Top of the 9th over - 1 run, 1 hit, 1 error, 1 left on base; Great Falls 5 - Boston (APP) 8 |
|